 Dungeon Sprint DCSS version 0.29-a0-297-g7659ce593d (webtiles) character file.

Game seed: 2704913764352069055

13177 Turgor the Executioner (level 11, -15/121 HPs)
             Began as a Minotaur Berserker on Mar 21, 2022.
             Was a Priest of Trog.
             Demolished by a frost giant
             ... wielding a +0 battleaxe of freezing
              (34 damage)
             ... in the Dungeon (Sprint II: "The Violet Keep of Menkaure").
             The game lasted 00:37:37 (2937 turns).

Turgor the Executioner (Minotaur Berserker)         Turns: 2937, Time: 00:37:38

Health: -15/121    AC: 15    Str: 21    XL:     11   Next: 72%
Magic:  10/10      EV: 12    Int:  4    God:    Trog [***...]
Gold:   31         SH:  0    Dex: 16    Spells: 10/10 levels left

rFire   + + .      SeeInvis .   a - +2 executioner's axe (vorpal)
rCold   + + .      Faith    .   (shield currently unavailable)
rNeg    . . .      Spirit   .   g - +2 chain mail {Will+}
rPois   +          Reflect  .   (helmet restricted)
rElec   +          Harm     .   (no cloak)
rCorr   +          Rampage  .   i - +0 pair of gloves of Deso {Int-4 Dex+5}
Will    ++++.      NoTele   +   (no boots)
Stlth   ..........              (no amulet)
HPRegen 1.30/turn               b - ring of Remoxiupt {rF+ rC+ Will+ rCorr}
MPRegen 0.12/turn               (no ring)

@: resistant, strong-willed, on berserk cooldown, regenerating, hasted and
slowed
A: horns 2, retaliatory headbutt
a: Renounce Religion, Berserk, Trog's Hand


You were in the Dungeon.
You worshipped Trog.
Trog was most pleased with you.
You visited 1 branch You collected 1682 gold pieces.
You spent 1651 gold pieces at shops.

Inventory:

Hand Weapons
 a - a +2 vorpal executioner's axe (weapon)
Missiles
 n - 5 poisoned darts (quivered)
Armour
 g - a +2 chain mail of willpower (worn)
 i - the +0 pair of gloves of Deso (worn) {Int-4 Dex+5}
   (You bought it in a shop in the Dungeon)

   Int:       It affects your intelligence (-4).
   Dex:       It affects your dexterity (+5).
 q - a scarf of invisibility
Jewellery
 b - the ring of Remoxiupt (left hand) {rF+ rC+ Will+ rCorr}
   (You bought it in a shop in the Dungeon)

   [ring of willpower]

   rF:        It protects you from fire.
   rC:        It protects you from cold.
   rCorr:     It protects you from acid and corrosion.
   Will:      It increases your willpower.
Scrolls
 d - a scroll of torment
 e - 2 scrolls of enchant weapon
 j - a scroll of immolation
 k - a scroll of enchant armour {unknown}
 p - a scroll of vulnerability {unknown}
 r - a scroll of fear {unknown}
Potions
 c - 3 potions of curing
 f - 5 potions of magic
 l - 2 potions of resistance
 m - 4 potions of flight
 o - a potion of mutation
 s - 2 potions of invisibility
 u - a potion of cancellation


   Skills:
 + Level 18.9 Fighting
 * Level 25.4 Axes
 + Level 12.0 Armour
 + Level 8.2 Dodging


You had 10 spell levels left.
You didn't know any spells.
Your spell library was empty.

Dungeon Overview and Level Annotations

Branches:
Dungeon (1/1)

Altars:
Cheibriados
Dithmenos
Elyvilon
Fedhas
Gozag
Hepliaklqana
Kikubaaqudgha
Makhleb
Nemelex Xobeh
Okawaru
Qazlal
Ru
Sif Muna
Trog
Uskayaw
Vehumet
Wu Jian
Xom
Yredelemnul
Zin
The Shining One
Beogh
Jiyva
Lugonu

Shops:
D !?::[![(==!!!(*

Annotations:
D exclusions: oklob plant and orange crystal statue


Innate Abilities, Weirdness & Mutations

You have a pair of horns on your head.
You reflexively headbutt those who attack you in melee.


Message History

Press: ? - help, Dir - move target
As you read the scroll of blinking, it crumbles to dust.
The deep elf high priest starts to sing a prayer.
You hear a grinding noise.
You feel protected.
You feel much better.
You hear a grinding noise.
You feel yourself speed up.
You hear a grinding noise.
The deep elf high priest mumbles some strange prayers to its god.
The deep elf high priest begins emitting a brilliant aura!
Your skin crawls.
You feel strong-willed.
Your ogre goes berserk!
You can no longer call in reinforcements.
The deep elf high priest is no longer giving off an aura.
The deep elf high priest utters a dark prayer and points at you.
Your life force is offered up.
* * * LOW HITPOINT WARNING * * *
Unknown command.
You slice the deep elf high priest!!
Your headbutt misses the deep elf high priest.
The deep elf high priest is severely wounded.
You barely miss the frost giant.
The frost giant hits you but does no damage.
You hear a grinding noise.
You slash the deep elf high priest!
You kill the deep elf high priest!
Trog accepts your kill.
You slice the frost giant!! The frost giant casts a spell at you.
The bolt of cold hits you! You resist.
* * * LOW HITPOINT WARNING * * *
Your Armour skill increases to level 12!
Your Dodging skill increases to level 8!
You slice the frost giant!!
The frost giant is heavily wounded.
Your ogre hits the frost giant with a +0 giant club!!
The frost giant hits you with a +0 battleaxe of freezing!!
You die...

#####≈≈#+++#+++## #:|▓▓▓
####≈≈≈.........# #"°▓)(
...#2≈≈≈.##'##..# #○=▓))
...#≈≈≈≈##.#D##.#### +.##.#)|▓..
...#≈≈≈≈#.##..#....# ...####▓..
∩..#≈2#####..####..## #..# .#▓..
.∩.#≈#..#..'....##..# +..# .#▓..
∩.∩#C#......2..CO...# #..# .#▓.[
.∩.'≈'##.e.<.')#@'..####..##.#▓..
...#≈#.#..#)##)).#....###...##▓▓▓
▓###≈##.##.'..#.##......≈≈≈≈≈≈≈≈≈
####≈≈####...#.##≈≈§§..§≈#)######
$ ##≈≈≈#..#...≈≈≈≈≈≈≈..≈#.)..._.
.# #+#≈##...##≈≈≈≈≈§≈≈.≈#...._._
##. ≈≈##'##≈≈≈≈≈≈≈≈≈§≈#..._._.
#.. #≈≈≈≈≈≈≈≈≈≈§≈§§≈§≈#.._._._
#+++#'''#≈§≈§§≈≈§≈#._._._.


You could see a frost giant (empowered, ally target), a cacodemon and a friendly
ogre (summoned, berserk).

Vanquished Creatures
  A golden dragon (D)
  2 sphinxes (D)
  A kraken (D)
  A deep elf high priest (D)
  A skeletal warrior (D)
  2 deep trolls (D)
  A merfolk siren (D)
  An elephant (D)
  A kobold demonologist (D)
  A yaktaur (D)
  3 polar bears (D)
  A hornet (D)
  8 flying skulls (D)
  2 wyverns (D)
  Menkaure (D)
  4 water moccasins (D)
  A black bear (D)
  4 necrophages (D)
  3 worms (D)
  12 tentacles (D)
51 creatures vanquished.

Vanquished Creatures (collateral kills)
  Kirke (D)
  4 flying skulls (D)
  A black bear (D)
6 creatures vanquished.

Vanquished Creatures (others)
  A yaktaur captain (D)
  A centaur warrior (D)
  A water moccasin (D)
  A black bear (D)
  14 tentacles (D)
18 creatures vanquished.

Grand Total: 75 creatures vanquished

Notes
Turn   | Place    | Note
-------+----------+-------------------------------------------
     0 | D        | Turgor the Minotaur Berserker began the quest for the Orb.
     0 | D        | Reached XP level 1. HP: 19/19 MP: 0/0
     1 | D        | Noticed a merfolk siren
    10 | D        | Killed a merfolk siren
    11 | D        | Reached skill level 10 in Axes
    11 | D        | Reached XP level 2. HP: 23/35 MP: 1/1
    11 | D        | Reached XP level 3. HP: 27/40 MP: 2/2
    11 | D        | Reached XP level 4. HP: 32/48 MP: 3/3
    11 | D        | Reached XP level 5. HP: 36/53 MP: 4/4
    11 | D        | Reached XP level 6. HP: 41/61 MP: 5/5
    52 | D        | Killed a water moccasin
   174 | D        | Reached ** piety under Trog
   175 | D        | Reached skill level 11 in Axes
   181 | D        | Reached skill level 12 in Axes
   181 | D        | Reached XP level 7. HP: 70/70 MP: 6/6
   230 | D        | Reached *** piety under Trog
   257 | D        | Noticed an obsidian statue
   277 | D        | Noticed a wyvern
   277 | D        | Noticed a wyvern
   282 | D        | Killed a wyvern
   283 | D        | Reached skill level 13 in Axes
   283 | D        | Reached skill level 10 in Armour
   289 | D        | Killed a wyvern
   289 | D        | Reached **** piety under Trog
   290 | D        | Reached skill level 10 in Fighting
   439 | D        | Found Inuom's General Store.
   439 | D        | Found Mupniy's Distillery.
   439 | D        | Found Jafoh's Jewellery Boutique.
   439 | D        | Found Marr's Distillery.
   439 | D        | Found Onugh's Jewellery Shop.
   440 | D        | Found Emobb's Distillery.
   440 | D        | Found Ylesiut's Antique Weapon Shop.
   441 | D        | Found Vaat's Antique Armour Shop.
   441 | D        | Found Ciumiano's Distillery.
   441 | D        | Noticed a shining eye
   442 | D        | Found Ofedoux's Antique Weapon Boutique.
   443 | D        | Found Otogeire's Antique Armour Shop.
   443 | D        | Found Lilingul's Book Boutique.
   443 | D        | Noticed a shining eye
   443 | D        | Noticed a shining eye
   443 | D        | Noticed an oklob plant
   444 | D        | Found Roipoenn's Magic Scroll Shop.
   444 | D        | Found Reec's Distillery.
   444 | D        | Found Guhytow's Book Shoppe.
   455 | D        | Reached skill level 14 in Axes
   472 | D        | Bought a glowing chain mail for 195 gold pieces
   473 | D        | Bought a pair of spiked gloves for 199 gold pieces
   473 | D        | Identified the +0 pair of gloves of Deso {Int-4 Dex+5} (You
                  | bought it in a shop in the Dungeon)
   491 | D        | Bought the ring of Remoxiupt {rF+ rC+ Will+ rCorr} for 567
                  | gold pieces
   604 | D        | Noticed Menkaure
   611 | D        | Killed Menkaure
   612 | D        | Reached XP level 8. HP: 81/81 MP: 7/7
   623 | D        | Noticed a flying skull
   623 | D        | Noticed a flying skull
   623 | D        | Noticed a flying skull
   623 | D        | Noticed a flying skull
   623 | D        | Noticed a flying skull
   623 | D        | Noticed a flying skull
   624 | D        | Noticed a flying skull
   624 | D        | Noticed a flying skull
   624 | D        | Noticed a flying skull
   624 | D        | Noticed a flying skull
   624 | D        | Noticed a flying skull
   625 | D        | Noticed a flying skull
   646 | D        | Killed a flying skull
   647 | D        | Reached skill level 15 in Axes
   659 | D        | Killed a flying skull
   659 | D        | Reached ***** piety under Trog
   665 | D        | Killed a flying skull
   666 | D        | Reached skill level 16 in Axes
   667 | D        | Killed a flying skull
   667 | D        | Received a gift from Trog
   671 | D        | Killed a flying skull
   672 | D        | Reached skill level 17 in Axes
   675 | D        | Killed a flying skull
   676 | D        | Reached XP level 9. HP: 47/92 MP: 8/8
   696 | D        | Reached skill level 18 in Axes
   706 | D        | Reached skill level 19 in Axes
   983 | D        | Found a snail-covered altar of Cheibriados.
   984 | D        | Found a shadowy altar of Dithmenos.
   984 | D        | Found a viscous altar of Jiyva.
   985 | D        | Found a white marble altar of Elyvilon.
   985 | D        | Found an ancient bone altar of Kikubaaqudgha.
   986 | D        | Found a blossoming altar of Fedhas.
   986 | D        | Found a corrupted altar of Lugonu.
   986 | D        | Found a shimmering blue altar of Sif Muna.
   987 | D        | Found an opulent altar of Gozag.
   987 | D        | Found a burning altar of Makhleb.
   987 | D        | Found a bloodstained altar of Trog.
   987 | D        | Found a hazy altar of Hepliaklqana.
   987 | D        | Found a sacrificial altar of Ru.
   987 | D        | Found a shimmering altar of Xom.
   988 | D        | Found a sparkling altar of Nemelex Xobeh.
   988 | D        | Found a hide-covered altar of Uskayaw.
   988 | D        | Found a basalt altar of Yredelemnul.
   989 | D        | Found an iron altar of Okawaru.
   989 | D        | Found a radiant altar of Vehumet.
   989 | D        | Found a glowing silver altar of Zin.
   989 | D        | Noticed a polar bear
   989 | D        | Noticed a polar bear
   990 | D        | Found a stormy altar of Qazlal.
   990 | D        | Found an ornate altar of the Wu Jian Council.
   990 | D        | Found a glowing golden altar of the Shining One.
   990 | D        | Noticed a yaktaur
   990 | D        | Noticed a polar bear
   995 | D        | Killed a polar bear
  1001 | D        | Killed a polar bear
  1005 | D        | Reached skill level 20 in Axes
  1008 | D        | Killed a yaktaur
  1009 | D        | Reached skill level 15 in Fighting
  1009 | D        | Reached XP level 10. HP: 105/105 MP: 9/9
  1009 | D        | Received a gift from Trog
  1097 | D        | Noticed an orange crystal statue
  1113 | D        | Noticed a kraken
  2061 | D        | Killed a kraken
  2062 | D        | Reached skill level 21 in Axes
  2277 | D        | Noticed a deep troll
  2277 | D        | Noticed a deep troll
  2288 | D        | Killed a deep troll
  2288 | D        | Received a gift from Trog
  2289 | D        | Reached skill level 22 in Axes
  2298 | D        | Killed a deep troll
  2335 | D        | Noticed a sphinx
  2335 | D        | Noticed a sphinx
  2352 | D        | Killed a sphinx
  2352 | D        | Killed a sphinx
  2353 | D        | Reached skill level 23 in Axes
  2353 | D        | Reached XP level 11. HP: 69/118 MP: 10/10
  2410 | D        | Noticed Kirke
  2410 | D        | Noticed a skeletal warrior
  2433 | D        | Reached skill level 24 in Axes
  2445 | D        | Killed a skeletal warrior
  2451 | D        | Noticed a centaur warrior
  2586 | D        | Killed a yaktaur captain
  2649 | D        | Killed a centaur warrior
  2821 | D        | Killed Kirke
  2821 | D        | Received a gift from Trog
  2842 | D        | Bought a potion of curing for 33 gold pieces
  2842 | D        | Bought a potion of curing for 33 gold pieces
  2842 | D        | Bought a potion of curing for 33 gold pieces
  2842 | D        | Bought a potion of mutation for 88 gold pieces
  2844 | D        | Bought a potion of invisibility for 88 gold pieces
  2844 | D        | Bought a potion of haste for 110 gold pieces
  2844 | D        | Bought a potion of cancellation for 88 gold pieces
  2844 | D        | Bought a potion of curing for 33 gold pieces
  2844 | D        | Bought a potion of invisibility for 88 gold pieces
  2849 | D        | Bought a potion of curing for 36 gold pieces
  2849 | D        | Bought a potion of heal wounds for 60 gold pieces
  2885 | D        | Noticed a golden dragon
  2885 | D        | Noticed a bone dragon
  2911 | D        | Noticed a deep elf high priest
  2915 | D        | Noticed a frost giant
  2920 | D        | Killed a golden dragon
  2921 | D        | Reached skill level 25 in Axes
  2921 | D        | Noticed a cacodemon
  2936 | D        | Killed a deep elf high priest
  2937 | D        | Demolished by a frost giant

Illustrated notes

Levels and vault maps discovered:
D:        the_violet_keep_of_menkaure [sprint2_stairs_cluster_1,
          sprint2_shoproom, sprint2_temple, sprint2_basic_supplies,
          sprint2_obstacle_1, sprint2_obstacle_4, sprint2_obstacle_3,
          sprint2_obstacle_2, sprint2_obstacle_7, sprint2_timed_cluster_1,
          sprint2_smallroom_cluster_1, sprint2_smallroom_final_cluster_1,
          sprint2_transparent_cluster_1, sprint2_second_timed_cluster_1,
          sprint2_sniper_area_1, sprint2_heavy_combat_area_1,
          sprint2_mutation_trap_area_1, sprint2_forest_area_1,
          sprint2_light_combat_area_1, sprint2_behind_water_1,
          sprint2_near_end_vault_1]

Skill      XL: |  1  2  3  4  5  6  7  8  9 10 11 |
---------------+----------------------------------+-----
Fighting       | 8 9 10 12 15 17 18 | 18.9
Axes           | 10 12 14 17 20 23 25 | 25.4
Armour         | 8 9 10 12 | 12.0
Dodging        | 6 8 |  8.2

Action                   |  1- 3 |  4- 6 |  7- 9 | 10-12 || total
-------------------------+-------+-------+-------+-------++-------
Melee: Hand axe          |     5 |    11 |   112 |   150 ||   278
       Headbutt          |     2 |     3 |    23 |    42 ||    70
       Punch             |       |       |       |     2 ||     2
       Executioner's axe |       |       |       |    10 ||    10
       Battleaxe         |       |       |       |     6 ||     6
Invok: Berserk           |       |     1 |     6 |     9 ||    16
       Trog's Hand       |       |       |     1 |     7 ||     8
       Brothers in Arms  |       |       |     1 |     3 ||     4
  Use: Potion            |     1 |       |     3 |     7 ||    11
       Scroll            |       |       |       |     9 ||     9
Armor: Chain mail        |       |       |    55 |    54 ||   109
Dodge: Dodged            |     2 |     7 |    31 |    49 ||    89

Table legend: (Time is in decaauts)
 A = Elapsed time spent in this place.
 B = Non-inter-level travel time spent in this place.
 C = Inter-level travel time spent in this place.
 D = Time resting spent in this place.
 E = Time spent auto-exploring this place.
 F = Levels seen in this place.
 G = Mean time per level.
                   A        B        C        D        E       F      G
               +--------+--------+--------+--------+--------+-----+--------+
         Total |   3034 |   3032 |      2 |   2002 |      0 |   1 | 3034.0 |
       Dungeon |   3034 |   3032 |      2 |   2002 |      0 |   1 | 3034.0 |
               +--------+--------+--------+--------+--------+-----+--------+

Top non-repeatable levels by time:
       D: 3034 daAuts
